 Dungeon Crawl Stone Soup version 0.30-a0-140-gd1020e658a (webtiles) character file.

Game seed: 13594974012788037981

9987 themarg the Thaumaturge (level 11, 0/82 HPs)
             Began as a Djinni Fire Elementalist on Sept 24, 2022.
             Was a Priest of Ashenzari.
             Slain by a wolf (8 damage)
             ... on level 10 of the Dungeon.
             The game lasted 01:03:22 (13400 turns).

themarg the Thaumaturge (Djinni Fire Elementalist) Turns: 13400, Time: 01:03:22

Health: 0/82       AC:  3    Str:  7    XL:     11   Next: 84%
Gold:   672        EV: 15    Int: 21    God:    Ashenzari [***...] SH:  0 Dex: 14

rFire   + + .      SeeInvis +    T - +2 scimitar "Dismay of Ashenzari" {flame, Fort, Cun} (curse)
rCold   + . .      Faith    .    (no shield)
rNeg    . . .      Spirit   .    a - +0 robe "Pragmatism of Ashenzari" {Range, Fort} (curse)
rPois   ∞          Reflect  .    A - +0 helmet "Overhang to Understand" {Fort, Melee} (curse)
rElec   .          Harm     .    (no cloak)
rCorr   .          Rampage  .    (no gloves)
Will    +....      Clarity  +    (boots unavailable)
Stlth   +++.......               (no amulet)
HPRegen 0.23/turn                w - ring "Restrained Lifelessness" {rC+, Self, Melee} (curse)
MPRegen 0.00/turn                J - ring of protection from cold

@: flying, very slightly contaminated
A: sickness immunity, fire resistance 2, cold vulnerability 1, float, innate
caster, HP casting, extra vitality 1
a: Renounce Religion, Curse Item, Shatter the Chains


You were on level 10 of the Dungeon.
You worshipped Ashenzari.
Ashenzari was most pleased with you.
You visited 2 branches of the dungeon, and saw 11 of its levels.
You also visited: Ossuary.

You collected 708 gold pieces.
You spent 36 gold pieces at shops.

Inventory:

Hand Weapons
 h - a +0 dagger
 l - a +2 whip of venom
 C - a +1 rapier of protection
 H - a +1 vampiric dagger
 T - the cursed +2 scimitar "Dismay of Ashenzari" (weapon) {flame, Fort, Cun}
   (You found it on level 8 of the Dungeon)

   It burns those it strikes, dealing additional fire damage.
   Big, fiery blades are also staple armaments of hydra-hunters.
   It has a curse which improves the following skills: Fortitude: Armour and
   Shields.
   Cunning:   Dodging and Stealth.
Missiles
 p - 3 throwing nets
 y - 5 datura-tipped darts
 L - 15 boomerangs
 S - 11 poisoned darts
Armour
 a - the cursed +0 robe "Pragmatism of Ashenzari" (worn) {Range, Fort}

   It has a curse which improves the following skills: Ranged Combat: Ranged
   Weapons and Throwing.
   Fortitude: Armour and Shields.
 A - the cursed +0 helmet "Overhang to Understand" (worn) {Fort, Melee}
   (You found it on level 5 of the Dungeon)

   It has a curse which improves the following skills: Fortitude: Armour and
   Shields.
   Melee Combat: Short Blades, Long Blades, Axes, Maces & Flails, Polearms,
   Staves and Unarmed Combat.
 M - +0 acid dragon scales
 N - the +0 scale mail of Fagehia {rC+ Will- Regen+ Str+3}
   (You found it on level 7 of the Dungeon)

   Str:       It affects your strength (+3).
   rC:        It protects you from cold.
   Regen:     It increases your rate of health regeneration.
   Will:      It decreases your willpower.
 Q - a +1 robe of positive energy
 V - a +0 troll leather armour
Jewellery
 w - the cursed ring "Restrained Lifelessness" (left hand) {rC+, Self, Melee}
   (You took it off a hobgoblin on level 4 of the Dungeon)

   [ring of protection from cold]

   rC:        It protects you from cold.
   It has a curse which improves the following skills: Introspection: Fighting
   and Spellcasting.
   Melee Combat: Short Blades, Long Blades, Axes, Maces & Flails, Polearms,
   Staves and Unarmed Combat.
 G - a ring of willpower
 J - a ring of protection from cold (right hand)
 U - a ring of willpower
Wands
 k - a wand of flame (30)
 K - a wand of iceblast (5)
 R - a wand of digging (1)
 W - a wand of charming (3)
Scrolls
 b - 3 scrolls of enchant armour
 d - 5 scrolls of teleportation
 g - 8 scrolls of identify
 i - 2 scrolls of immolation
 m - 2 scrolls of magic mapping
 n - a scroll of poison
 s - a scroll of torment
 u - a scroll of enchant weapon
 v - 2 scrolls of amnesia
 F - a scroll of fear
 I - a scroll of noise
 O - 2 scrolls of fog
Potions
 c - 2 potions of might
 e - 3 potions of resistance
 f - 2 potions of brilliance
 j - 5 potions of attraction
 o - a potion of lignification
 q - 5 potions of heal wounds
 r - 7 potions of curing
 t - a potion of invisibility
 x - 3 potions of degeneration
 z - 2 potions of flight
 B - 4 potions of haste
 D - a potion of magic
 E - 2 potions of mutation
 P - a potion of cancellation
 X - a potion of ambrosia


   Skills:
 + Level 7.2(8.9) Fighting
 - Level 2.9(5.0) Long Blades
 + Level 5.3(6.9) Dodging
 + Level 3.4(4.8) Stealth
 + Level 11.5(13.1) Spellcasting
 + Level 2.6 Evocations


You had 8 spell levels left.
You knew the following spells:

 Your Spells              Type           Power      Damage    Failure   Level
a - Foxfire               Conj/Fire      100%       2x1d9     1%          1
b - Scorch                Fire           100%       2d10      1%          2
c - Kindle Blastsparks    Fire/Tloc/Air  100%       2d18      1%          3
d - Inner Flame           Hex/Fire       62%        N/A       1%          3
e - Flame Wave            Conj/Fire      62%        2d14      1%          4
f - Beastly Appendage     Tmut           100%       N/A       1%          1
g - Wereblood             Tmut           62%        N/A       1%          2
h - Tukima's Dance        Hex            62%        N/A       1%          3
i - Dispel Undead         Necr           62%        3d22      1%          4
j - Irradiate             Conj/Tmut      31%        3d22      1%          5
Your spell library was empty.

Dungeon Overview and Level Annotations

Branches:
Dungeon (10/15)            Temple (0/1) D:6            Lair (1/5) D:10
Ossuary (visited)
    Orc: D:9-12

Altars:
Ashenzari
Cheibriados
Hepliaklqana
Ru
Xom

Shops:
D:2 *   D:8 =([

Annotations:
D:7 4 runed translucent doors
D:9 2 transporters, IdlyInterested's ghost, novice DsWn


Innate Abilities, Weirdness & Mutations

You are immune to sickness and miasma.
You are immune to poison.
Your flesh is very heat resistant. (rF++)
You are vulnerable to cold. (rC-)
You float through the air rather than walking.
You learn spells naturally, not from books.
Your magical power is your life essence.
You have superior vitality. (+4 MHP)


Message History

You hear a trumpeting!
A blink frog comes into view.
The blink frog blinks!
The wolf misses you.
An elephant comes into view.
The blink frog moves out of view.
A blink frog comes into view.
The wolf misses you. The wolf closely misses you. The blink frog hits you.
You see here an elephant corpse.
You closely miss the blink frog. The wolf bites you but does no damage.
The wolf barely misses you. The blink frog barely misses you. x2
A water moccasin comes into view.
The wolf closely misses you. The wolf bites you!
An elephant comes into view.
The blink frog blinks!
The blink frog misses you.
The blink frog attacks as you move away!
The blink frog barely misses you.
The blink frog gives a loud, deep croak!
You hear a loud, deep croak!
The wolf bites you!
* * * LOW HITPOINT WARNING * * *
The wolf barely misses you. The wolf misses you. x2
There is a staircase back to the Dungeon here.
The wolf closely misses you. The wolf misses you. The blink frog hits you!
* * * LOW HITPOINT WARNING * * *
The blink frog misses you.
You fly upwards.
Welcome back to the Dungeon!
Ashenzari invites you to partake of a vision and a curse of evocations and introspection.
There is a staircase to the Lair here.
As you read the scroll of fear, it crumbles to dust.
You assume a fearsome visage.
The wolf looks frightened!
The wolf resists with some effort.
The blink frog looks frightened! x2
The wolf barely misses you.
The blink frog blinks! x2
The wolf closely misses you.
The blink frog blinks! x2
Okay, then.
Aiming: Charm
Press: ? - help, Shift-Dir - straight line, f - wolf
Aim: a wolf (chance to affect: 55%)
The wolf resists with significant effort.
The wolf bites you!
You die...

##############
#@.§.........#
#h...........# #
#............# ##
#..<.>.......####.
#....h.......'....
#............#####
#........>...#
#............#
#####'########


You could see 2 wolves.

Vanquished Creatures
  Snorg (D:10)
  Erica (D:8)
  Joseph (D:7)
  An elephant (Lair:1)
  Maggie (D:7)
  A kobold demonologist (D:7)
  A komodo dragon (Lair:1)
  A troll (D:10)
  2 shadows (D:10)
  3 wyverns
  7 yaks
  A human (D:9)
  A steam dragon (D:8)
  3 hogs (D:9)
  A vampire mosquito (D:7)
  Menkaure (D:7)
  2 water moccasins (D:7)
  3 orc warriors
  3 sky beasts
  3 black bears
  4 ice beasts
  An ogre (D:4)
  A wolf (Lair:1)
  2 centaurs
  3 phantoms
  2 kobold brigands
  5 bullfrogs
  A gnoll sergeant (D:8)
  4 scorpions
  2 water moccasin zombies (Ossuary)
  A necrophage (D:8)
  A wight (D:7)
  7 killer bees (D:7)
  2 howler monkeys
  An electric eel (D:8)
  6 orc priests
  2 hounds
  2 jellies (D:5)
  9 orc wizards
  Natasha (thrice) (D:2)
  4 iguanas
  2 mummies (Ossuary)
  7 gnolls
  3 adders
  A white imp (D:7)
  5 ufetubi
  2 adder zombies (Ossuary)
  A worm (D:2)
  A dart slug (D:4)
  43 orcs
  7 ball pythons
  5 endoplasms
  5 giant cockroaches
  6 gnoll zombies (Ossuary)
  11 goblins
  6 hobgoblins
  A quokka (D:1)
  9 bats
  4 frilled lizards
  A hobgoblin zombie (Ossuary)
  8 kobolds
  4 kobold zombies (Ossuary)
  3 orc zombies (Ossuary)
  6 rats
242 creatures vanquished.

Vanquished Creatures (collateral kills)
  An orc warrior (D:9)
  An orc (D:9)
  A kobold (D:9)
3 creatures vanquished.

Vanquished Creatures (others)
  A dancing weapon (D:7)
  316 foxfires
  4 plants (Lair:1)
321 creatures vanquished.

Grand Total: 566 creatures vanquished

Notes
Turn   | Place    | Note
-------+----------+-------------------------------------------
     0 | D:1      | themarg the Djinni Fire Elementalist began the quest for
                  | the Orb.
     0 | D:1      | themarg set off with the following spells memorised:
                  | Foxfire, Scorch, Kindle Blastsparks, Inner Flame, Flame
                  | Wave.
     0 | D:1      | Reached XP level 1. HP: 15/15 MP: 0/0
   231 | D:1      | Reached XP level 2. HP: 20/21 MP: 0/0
   580 | D:1      | Found a faded altar of an unknown god.
   958 | D:1      | Reached XP level 3. HP: 8/25 MP: 0/0
   958 | D:1      | Learned a level 1 spell: Beastly Appendage
  1392 | D:2      | Found Bach's General Store.
  1413 | D:2      | Bought a scroll of teleportation for 36 gold pieces
  1759 | D:2      | Reached skill level 3 in Spellcasting
  1928 | D:2      | Noticed Natasha
  1937 | D:2      | Killed Natasha
  1938 | D:2      | Reached XP level 4. HP: 19/31 MP: 0/0
  2058 | D:2      | Noticed Natasha
  2065 | D:2      | Killed Natasha
  2306 | D:2      | Reached XP level 5. HP: 29/35 MP: 0/0
  2306 | D:2      | Learned a level 2 spell: Wereblood
  2354 | D:2      | Noticed Natasha
  2359 | D:2      | Killed Natasha
  2745 | D:3      | Reached skill level 4 in Spellcasting
  3221 | D:3      | Reached XP level 6. HP: 22/40 MP: 0/0
  3616 | D:3      | Identified the +1 ring mail of Chill Winds {Will+ MP+9}
  4322 | D:4      | Found a hazy altar of Hepliaklqana.
  4322 | D:4      | Found a sacrificial altar of Ru.
  4365 | D:4      | Noticed a yak
  4365 | D:4      | Noticed a yak
  4365 | D:4      | Noticed a yak
  4365 | D:4      | Noticed a yak
  4365 | D:4      | Noticed a yak
  4366 | D:4      | Noticed a yak
  4624 | D:4      | Noticed an ogre
  4629 | D:4      | Killed an ogre
  4630 | D:4      | Reached skill level 5 in Spellcasting
  4630 | D:4      | Reached XP level 7. HP: 37/45 MP: 0/0
  4630 | D:4      | Learned a level 3 spell: Tukima's Dance
  4981 | D:4      | Reached skill level 6 in Spellcasting
  5253 | D:4      | Found a snail-covered altar of Cheibriados.
  5814 | D:4      | Killed a yak
  5814 | D:4      | Killed a yak
  5815 | D:4      | Reached skill level 7 in Spellcasting
  5815 | D:4      | Reached XP level 8. HP: 10/51 MP: 0/0
  6189 | D:4      | Killed a yak
  6189 | D:4      | Killed a yak
  6201 | D:4      | Killed a yak
  6202 | D:4      | Reached XP level 9. HP: 25/61 MP: 0/0
  6202 | D:4      | Learned a level 4 spell: Dispel Undead
  6206 | D:4      | Reached skill level 5 in Dodging
  6468 | D:5      | Entered Level 5 of the Dungeon
  6552 | D:5      | Reached skill level 5 in Fighting
  6726 | D:5      | Found a broken altar of Ashenzari.
  7193 | D:5      | Noticed a two-headed ogre
  7215 | D:5      | Became a worshipper of Ashenzari the Shackled
  7304 | D:6      | Found a sand-covered staircase.
  7309 | Ossuary  | Entered an ossuary
  7364 | Ossuary  | Reached skill level 8 in Spellcasting
  7929 | D:6      | Found a staircase to the Ecumenical Temple.
  8288 | D:6      | Reached XP level 10. HP: 68/70 MP: 0/0
  8410 | D:7      | Noticed Menkaure
  8412 | D:7      | Reached skill level 9 in Spellcasting
  8696 | D:7      | Identified the cursed +0 helmet "Overhang to Understand"
                  | {Fort, Melee} (You found it on level 5 of the Dungeon)
  8785 | D:7      | Found a large runed translucent door.
  8785 | D:7      | Found a large runed translucent door.
  8858 | D:7      | Found a large runed translucent door.
  8858 | D:7      | Found a large runed translucent door.
  8858 | D:7      | Noticed a cyan ugly thing
  8860 | D:7      | You are sucked into a shaft and drop 2 floors!
  8881 | D:8      | Found Necaost's Antique Armour Shoppe.
  8884 | D:8      | Found Umuseefipt's Antique Weapon Emporium.
  8886 | D:8      | Reached skill level 10 in Spellcasting
  9156 | D:7      | Noticed Joseph
  9168 | D:7      | Killed Joseph
  9169 | D:7      | Reached skill level 1 in Evocations
  9211 | D:7      | Reached * piety under Ashenzari
  9483 | D:7      | Identified Jepuas Tiosm's Grimoire of Unified Toxicity
  9496 | D:7      | Killed Menkaure
  9502 | D:7      | Noticed Maggie
  9509 | D:7      | Identified the Volume of Transmogrification and the Coals
  9515 | D:7      | Killed Maggie
  9951 | D:7      | Noticed a kobold demonologist
  9952 | D:7      | Reached XP level 11. HP: 44/78 MP: 0/0
  9952 | D:7      | Learned a level 5 spell: Irradiate
 10160 | D:7      | Identified the +0 scale mail of Fagehia {rC+ Will- Regen+
                  | Str+3}
 10229 | D:8      | Found Remmic's Jewellery Shoppe.
 10481 | D:8      | Noticed Erica
 10642 | D:8      | Killed Erica
 10643 | D:8      | Reached skill level 11 in Spellcasting
 10873 | D:8      | Reached ** piety under Ashenzari
 11054 | D:9      | Found a transporter.
 11076 | D:9      | Noticed IdlyInterested's ghost (novice DsWn)
 11077 | D:9      | Noticed a cyan ugly thing
 11077 | D:9      | Noticed a centaur warrior
 11092 | D:9      | Found a transporter.
 11875 | D:9      | Reached *** piety under Ashenzari
 12259 | D:10     | Entered Level 10 of the Dungeon
 12312 | D:10     | Found a shimmering altar of Xom.
 12420 | D:10     | Reached skill level 1 in Long Blades
 12748 | D:10     | Found a staircase to the Lair.
 12819 | D:10     | Noticed Snorg
 12831 | D:10     | Killed Snorg
 13379 | Lair:1   | Entered Level 1 of the Lair of Beasts
 13380 | Lair:1   | Noticed an elephant
 13380 | Lair:1   | Noticed an elephant
 13389 | Lair:1   | Killed an elephant
 13393 | Lair:1   | Noticed an elephant
 13395 | Lair:1   | Noticed an elephant
 13400 | D:10     | Slain by a wolf

Illustrated notes

Levels and vault maps discovered:
D:1:      minmay_arrival_arboretum_small, layout_loops_ring,
          hellmonk_ecumenical_altar_prayer_group
D:2:      layout_basic, serial_shops, shop, uniq_natasha
D:3:      layout_basic
D:4:      layout_loops_cross, grunt_temple_overflow_open, minmay_pentomino_pile
D:5:      layout_gridville, lemuel_tele_altar, minmay_holes
D:6:      layout_rooms, temple_pool_b, enter_ossuary_2
D:7:      layout_rooms, minmay_hollow_rounded_squares, uniq_maggie, uniq_joseph,
          uniq_menkaure
D:8:      layout_basic, nicolae_wooded_promenade, uniq_erica
D:9:      layout_cave_pools, nzn_ghost_randoct, grunt_livestock
D:10:     layout_roguey, nicolae_overflow_crystal_walls, uniq_snorg
Lair:1:   gammafunk_worm_tunnel, layout_cave_pods,
          portal_ice_cave_entry_pillars_2, gammafunk_ghost_ooze, st_stairs_13,
          grunt_forest_stairs_basic, uniq_gastronok

Skill      XL: |  1  2  3  4  5  6  7  8  9 10 11 |
---------------+----------------------------------+-----
Stealth        | 2 3 |  3.4
Spellcasting   | 3 4 5 7 8 10 11 | 11.5
Fighting       | 3 5 6 7 |  7.2
Dodging        | 4 5 |  5.3
Evocations     | 2 |  2.6
Long Blades    | 2 |  2.9

Action                   |  1- 3 |  4- 6 |  7- 9 | 10-12 || total
-------------------------+-------+-------+-------+-------++-------
Melee: Unarmed           |     2 |       |       |       ||     2
       Club              |     6 |       |       |       ||     6
       Whip              |       |     6 |     8 |     1 ||    15
       Punch             |       |       |       |     1 ||     1
       Scimitar          |       |       |       |     1 ||     1
 Cast: Foxfire           |    41 |    31 |    72 |    73 ||   217
       Scorch            |    23 |    41 |    74 |   109 ||   247
       Inner Flame       |       |       |    13 |     6 ||    19
       Flame Wave        |       |       |     1 |    16 ||    17
       Tukima's Dance    |       |       |       |    13 ||    13
       Beastly Appendage |       |       |       |     1 ||     1
       Wereblood         |       |       |       |     1 ||     1
       Irradiate         |       |       |       |     1 ||     1
Invok: Curse Item        |       |       |       |     4 ||     4
Evoke: Wand              |       |       |       |     1 ||     1
  Use: Scroll            |       |       |     1 |     1 ||     2
 Stab: Sleeping          |     1 |       |       |       ||     1
Armor: Robe              |       |     7 |     1 |     4 ||    12
Dodge: Dodged            |    12 |     9 |    25 |    61 ||   107

Table legend: (Time is in decaauts)
 A = Elapsed time spent in this place.
 B = Non-inter-level travel time spent in this place.
 C = Inter-level travel time spent in this place.
 D = Time resting spent in this place.
 E = Time spent auto-exploring this place.
 F = Levels seen in this place.
 G = Mean time per level.
                   A        B        C        D        E       F      G
               +--------+--------+--------+--------+--------+-----+--------+
         Total |  13405 |  12762 |    643 |   6319 |   4142 |  12 | 1117.1 |
       Dungeon |  12927 |  12284 |    643 |   6005 |   4142 |  10 | 1292.7 |
          Lair |     19 |     19 |      0 |      0 |      0 |   1 |   19.0 |
       Ossuary |    459 |    459 |      0 |    314 |      0 |   1 |  459.0 |
               +--------+--------+--------+--------+--------+-----+--------+

Top non-repeatable levels by time:
     D:4: 1754 daAuts
     D:3: 1728 daAuts
     D:1: 1633 daAuts
     D:7: 1621 daAuts
     D:2: 1358 daAuts
    D:10: 1122 daAuts
     D:9: 1073 daAuts
     D:8: 1030 daAuts
     D:5: 829 daAuts
     D:6: 776 daAuts
 Ossuary: 459 daAuts
  Lair:1: 19 daAuts
